 Dungeon Crawl Stone Soup version 0.17-a0-1731-g129c023 (webtiles) character file.

79 RedzDrunk the Skirmisher (level 4, -1/28 HPs)
             Began as a Gargoyle Ice Elementalist on Aug 29, 2015.
             Slain by a worker ant (4 damage)
             ... on level 3 of the Dungeon.
             The game lasted 00:07:50 (2087 turns).

RedzDrunk the Skirmisher (GrIE)                     Turns: 2087, Time: 00:07:50

Health: -1/28      AC:  5    Str: 12    XL:     4   Next: 38%
Magic:  0/7        EV: 12    Int: 16    God:
Gold:   116        SH:  0    Dex: 10    Spells: 1 memorised, 5 levels left

rFire  . . .     SeeInvis .     h - +0 mace
rCold  . . .     Clarity  .     a - +0 robe
rNeg   + . .     SustAt   .     (no shield)
rPois  ∞         Gourm    .     (no helmet)
rElec  +         Spirit   .     (no cloak)
rCorr  .         Warding  .     (no gloves)
rMut   .         Stasis   .     (no boots)
MR     .....                    (no amulet)
Stlth  ++........               (no ring)
                                m - ring of wizardry

@: not resistant to hostile enchantments, unstealthy
A: negative energy resistance 1, electricity resistance, unbreathing,
petrification resistance, rot immunity, AC +3
a: no special abilities


You were on level 3 of the Dungeon.
You were not hungry.

You visited 1 branch of the dungeon, and saw 3 of its levels.

You collected 116 gold pieces.

Inventory:

Hand weapons
 h - a +0 mace (weapon)
Armour
 a - a +0 robe (worn)
Jewellery
 m - a ring of wizardry (left hand)
 o - an uncursed ring of poison resistance {unknown}
Magical devices
 l - a wand of fire (2)
Scrolls
 e - 2 scrolls of immolation {unknown}
 j - a scroll of remove curse
 n - a scroll of noise {unknown}
 p - a scroll of fog {unknown}
 q - a scroll of fear {unknown}
Potions
 f - 3 potions of flight
 g - a potion of agility {unknown}
 i - 2 potions of haste {unknown}
 k - 6 potions of heal wounds {unknown}
 r - a potion of cure mutation {unknown}
Books
 b - a book of Frost

   Spells                             Type                      Level
   a - Freeze                         Ice                          1
   b - Throw Frost                    Conjuration/Ice              2
   c - Ozocubu's Armour               Charms/Ice                   3
   d - Throw Icicle                   Conjuration/Ice              4
   e - Summon Ice Beast               Ice/Summoning                4
   f - Condensation Shield            Ice                          4
Comestibles
 c - 3 bread rations
 d - a meat ration


   Skills:
 + Level 3.5 Fighting
 + Level 1.8 Maces & Flails
 - Level 1.5 Dodging
 - Level 2.1 Stealth
 - Level 2.0 Spellcasting
 - Level 1.1 Conjurations
 - Level 3.0 Ice Magic


You had 5 spell levels left.
You knew the following spells:

 Your Spells              Type           Power        Failure   Level  Hunger
a - Throw Frost           Conj/Ice       #.....       6%          2    ###....


Dungeon Overview and Level Annotations

Branches:
Dungeon (3/15)

Altars:
Elyvilon
Fedhas
The Shining One


Innate Abilities, Weirdness & Mutations

You are resistant to torment.
Your stone body is resilient (AC +3).
You are immune to poison.
You resist negative energy.
You are resistant to electric shocks.
You can survive without breathing.
You are immune to petrification.
You are immune to rotting.


Message History

Press: ? - help, Shift-Dir - straight line, f/p - worker ant
Aim: a worker ant (severely wounded)
The puff of frost misses the worker ant.
The puff of frost hits the kobold.
You kill the kobold!
The worker ant barely misses you.
You hit the worker ant.
The worker ant is almost dead.
The worker ant bites you.
* * * LOW HITPOINT WARNING * * *
The worker ant bites you.
* * * LOW HITPOINT WARNING * * *
Casting: Throw Frost
Confirm with . or Enter, or press ? or * to list all spells.
Aiming: Throw Frost
Press: ? - help, Shift-Dir - straight line, f/p - worker ant
Aim: a worker ant (almost dead)
The puff of frost misses the worker ant.
The worker ant bites you.
You die...

#......)#.#............##.
......[.#)#.......)....##.
..[.....#.#.....[......##.
........#.#............###
........#.##.........^..#
........#.##...(........#
#)#.##............##
#†#.#####...........
...###.#@# ############
........a.# ....###.### ..
#.# ... .... ..... .###+##
##


You could see a worker ant.

Vanquished Creatures
  An adder (D:2)
  2 oozes
  4 worms
  3 giant geckos
  7 bats
  4 hobgoblins
  12 kobolds
  A ball python (D:1)
  4 giant cockroaches
  11 giant newts
  4 goblins
  5 rats
58 creatures vanquished.

Notes
Turn   | Place    | Note
--------------------------------------------------------------
     0 | D:1      | RedzDrunk the Gargoyle Ice Elementalist began the quest for the Orb.
     0 | D:1      | Reached XP level 1. HP: 10/10 MP: 3/3
   137 | D:1      | Reached skill level 1 in Fighting
   213 | D:1      | Reached XP level 2. HP: 8/17 MP: 5/5
   217 | D:1      | Learned a level 2 spell: Throw Frost
   503 | D:1      | Found a glowing golden altar of the Shining One.
  1019 | D:2      | Reached XP level 3. HP: 22/22 MP: 6/6
  1207 | D:2      | Found a white marble altar of Elyvilon.
  1293 | D:2      | Reached skill level 1 in Maces & Flails
  1545 | D:2      | Reached XP level 4. HP: 28/28 MP: 5/7
  1870 | D:3      | Found a blossoming altar of Fedhas.
  2087 | D:3      | Slain by a worker ant

Vault maps used:
D:1:      evilmike_arrival_crescent, amethyst_killhole,
          minmay_misc_feat_more_columns, st_stairs_8, tso_metal_star
D:2:      overflow_temple_1_default, minmay_lizard_king
D:3:      overflow_temple_1_default, nicolae_dithmenos_through_a_glass_darkly

Action                   |  1- 3 |  4- 6 || total
-------------------------+-------+-------++-------
Melee: Mace              |   130 |    47 ||   177
       Dagger            |     1 |       ||     1
 Cast: Freeze            |    17 |       ||    17
       Throw Frost       |     7 |     6 ||    13
  Use: Scroll            |     3 |       ||     3
 Stab: Sleeping          |     7 |     2 ||     9
  Eat: Chunk             |     3 |     2 ||     5
